 Dungeon Crawl Stone Soup version 0.31-a0-278-g485e682e34 (webtiles) character file.

Game seed: 857006326176175685

373 AdnanSaban the Shield-Bearer (level 6, -2/38 HPs)
             Began as a Gargoyle Fighter on July 16, 2023.
             Blown up by Ijyb (19 damage)
             ... with a mindburst bolt
             ... on level 5 of the Dungeon.
             The game lasted 00:03:59 (3451 turns).

AdnanSaban the Shield-Bearer (Gargoyle Fighter)     Turns: 3451, Time: 00:04:00

Health: -2/38      AC: 12    Str: 22    XL:     6   Next: 72%
Magic:  6/6        EV:  8    Int:  8    God:
Gold:   288        SH: 10    Dex:  9    Spells: 5/5 levels left

rFire   . . .        a - +0 flail
rCold   . . .        j - +2 kite shield
rNeg    + . .        b - +0 scale mail
rPois   ∞            (no helmet)
rElec   +            (no cloak)
rCorr   .            r - +0 pair of gloves
SInv    .            (no boots)
Will    .....        (no amulet) Stlth
                     (no ring)
HPRegen 0.26/turn    (no ring)
MPRegen 0.10/turn

%: no passive effects
@: no status effects
A: sickness immunity, AC +4, negative energy resistance 1, electricity
resistance, torment resistance 1, petrification resistance
a: no special abilities


You were on level 5 of the Dungeon.
You visited 1 branch of the dungeon, and saw 5 of its levels.

You collected 288 gold pieces.

Inventory:

Hand Weapons
 a - a +0 flail (weapon)
Missiles
 i - a throwing net
Armour
 b - a +0 scale mail (worn)
 j - a +2 kite shield (worn)
 r - a +0 pair of gloves (worn)
Jewellery
 q - an amulet of guardian spirit
Scrolls
 c - 2 scrolls of blinking {unknown}
 e - 2 scrolls of revelation {unknown}
 k - 3 scrolls of enchant weapon {unknown}
 o - a scroll of butterflies {unknown}
 p - a scroll of vulnerability {unknown}
 s - 3 scrolls of brand weapon {unknown}
 t - a scroll of teleportation {unknown}
 u - 2 scrolls of identify {unknown}
Potions
 d - 2 potions of might
 f - 2 potions of enlightenment {unknown}
 g - a potion of heal wounds {unknown}
 h - 2 potions of cancellation {unknown}
 l - 2 potions of curing {unknown}
 m - a potion of lignification {unknown}
 n - a potion of degeneration {unknown}
 v - a potion of attraction {unknown}
 w - 3 potions of mutation {unknown}


   Skills:
 + Level 4.2 Fighting
 + Level 4.8 Maces & Flails
 + Level 4.5 Armour
 + Level 4.8 Shields


You had 5 spell levels left.
You didn't know any spells.
Your spell library contained the following spells:

 Spells                   Type           Power      Damage    Failure   Level
 Magic Dart               Conj           0%         1d3       94%         1
 Call Imp                 Summ           0%         N/A       98%         2
 Scorch                   Fire           0%         2d5       98%         2
 Mephitic Cloud           Conj/Pois/Air  0%         N/A       100%        3
 Flame Wave               Conj/Fire      0%         2d4       100%        4
 Summon Cactus Giant      Summ           0%         N/A       100%        6


Dungeon Overview and Level Annotations

Branches:
Dungeon (5/15)             Temple (0/1) D:4

Altars:
Elyvilon

Annotations:
D:5 Ijyb


Innate Abilities, Weirdness & Mutations

You are immune to sickness and miasma.
Your stone body is resilient. (AC +4)
You are immune to poison.
You resist negative energy. (rN+)
You are resistant to electric shocks. (rElec)
You are resistant to unholy torment.
You are immune to petrification.


Message History

You sock Ijyb!
Ijyb is heavily wounded.
You block Ijyb's attack.
You hit Ijyb.
Ijyb is heavily wounded.
Ijyb hits you with a +6 club!
You miss Ijyb.
Ijyb is heavily wounded.
Ijyb hits you with a +6 club.
Ijyb screams, "It's all mine!"
You block Ijyb's attack.
You are too injured to fight recklessly!
You are too injured to fight recklessly!
You are too injured to fight recklessly!
You are too injured to fight recklessly!
You are too injured to fight recklessly!
You are too injured to fight recklessly!
You are too injured to fight recklessly!
You are too injured to fight recklessly!
You are too injured to fight recklessly!
You are too injured to fight recklessly!
You are too injured to fight recklessly!
You are too injured to fight recklessly!
You are too injured to fight recklessly!
You are too injured to fight recklessly!
You are too injured to fight recklessly!
You are too injured to fight recklessly!
You are too injured to fight recklessly!
You are too injured to fight recklessly!
You hit Ijyb but do no damage.
Ijyb is heavily wounded.
Ijyb completely misses you.
You hit Ijyb but do no damage.
Ijyb is heavily wounded.
You block Ijyb's attack.
You miss Ijyb.
Ijyb is heavily wounded.
Ijyb zaps a wand.
Your mind is blasted!
Ouch! That really hurt!
You die...

....... ....... ..
....... ## ..
....... .##. .......
... ....... ##.#
$.....g##..#
.......@#..### #
.............# .#
#....#####..###..#
###.. .#.##.....##
.###.. ..###.##..#
...#..##..##.##..#
...[......##.....#
###.........#..##.##
#..............####


You could see Ijyb.

Vanquished Creatures
  A scorpion (D:4)
  A wight (D:4)
  An iguana (D:4)
  An orc wizard (D:4)
  2 sleepcaps (D:4)
  A gnoll (D:1)
  3 adders (D:4)
  2 worms (D:2)
  6 dart slugs
  5 orcs
  10 ball pythons
  5 bats (D:1)
  6 endoplasms
  3 giant cockroaches
  12 goblins
  8 hobgoblins
  6 jackals
  4 quokkas
  5 frilled lizards
  9 kobolds
  7 rats
98 creatures vanquished.

Notes
Turn   | Place    | Note
-------+----------+-------------------------------------------
     0 | D:1      | AdnanSaban the Gargoyle Fighter began the quest for the
                  | Orb.
     0 | D:1      | Reached XP level 1. HP: 14/14 MP: 1/1
    94 | D:1      | Reached XP level 2. HP: 8/19 MP: 2/2
   224 | D:1      | Reached XP level 3. HP: 24/24 MP: 3/3
  1343 | D:2      | Reached XP level 4. HP: 15/29 MP: 4/4
  2388 | D:3      | Found a white marble altar of Elyvilon.
  2658 | D:4      | Reached XP level 5. HP: 33/33 MP: 5/5
  2934 | D:4      | Reached XP level 6. HP: 35/38 MP: 6/6
  3232 | D:4      | Found a staircase to the Ecumenical Temple.
  3395 | D:5      | Entered Level 5 of the Dungeon
  3441 | D:5      | Noticed Ijyb
  3451 | D:5      | Blown up by Ijyb

Illustrated notes

Levels and vault maps discovered:
D:1:      noname_arrival_rooms_in_the_neighbourhood, layout_basic,
          minmay_small_reverse_x
D:2:      layout_loops_ring, minmay_quantized
D:3:      layout_rooms, mainiacjoe_overflow_alcove_4, due_unseen_surprise
D:4:      layout_loops_ring, minmay_temple_entry_from_below_a, serial_glass,
          glass_columns_a, glass_columns_a, glass_columns_a, glass_columns_a,
          glass_columns_b, glass_columns_a, kennysheep_small_square
D:5:      layout_cave_pools, grunt_temple_overflow_lords_of_destruction,
          grunt_temple_overflow_cloverleaf, lemuel_coloured_pillars_altar,
          serial_shops, shop, uniq_crazy_yiuf_cottage, uniq_ijyb

Skill      XL: |  1  2  3  4  5 |
---------------+----------------+-----
Armour         | 4 |  4.5
Maces & Flails | 3 4 |  4.8
Shields        | 4 |  4.8
Fighting       | 4 |  4.2

Action                     |  1- 3 |  4- 6 || total
---------------------------+-------+-------++-------
  Melee: Flail             |   118 |   169 ||   287
 Armour: Scale mail        |    82 |    61 ||   143
  Dodge: Dodged            |    70 |    48 ||   118
  Block: Buckler           |    29 |       ||    29
         Kite shield       |       |   104 ||   104

Table legend: (Time is in decaauts)
 A = Elapsed time spent in this place.
 B = Non-inter-level travel time spent in this place.
 C = Inter-level travel time spent in this place.
 D = Time resting spent in this place.
 E = Time spent auto-exploring this place.
 F = Levels seen in this place.
 G = Mean time per level.
                   A        B        C        D        E       F      G
               +--------+--------+--------+--------+--------+-----+--------+
         Total |   3547 |   3370 |    177 |      0 |   2666 |   5 |  709.4 |
       Dungeon |   3547 |   3370 |    177 |      0 |   2666 |   5 |  709.4 |
               +--------+--------+--------+--------+--------+-----+--------+

Top non-repeatable levels by time:
     D:1: 1262 daAuts
     D:4: 919 daAuts
     D:2: 869 daAuts
     D:3: 458 daAuts
     D:5: 38 daAuts
